 Dungeon Crawl Stone Soup version 0.30-a0-358-g0d69a1922f (webtiles) character file.

Game seed: 5908995070968422708

28 gamesnag the Trooper (level 3, -2/24 HPs)
             Began as a Gargoyle Berserker on Nov 9, 2022.
             Was a Follower of Dithmenos.
             Slain by a polar bear (16 damage)
             ... created by the rage of Trog
             ... on level 2 of the Dungeon.
             The game lasted 00:10:47 (783 turns).

gamesnag the Trooper (Gargoyle Berserker)            Turns: 783, Time: 00:10:48

Health: -2/24      AC:  5    Str: 22    XL:     3   Next: 14%
Magic:  3/3        EV: 12    Int:  7    God:    Dithmenos [*.....]
Gold:   21         SH:  0    Dex:  9    Spells: 2/2 levels left

rFire   . . .      SeeInvis .    a - +0 mace
rCold   . . .      Faith    .    (no shield)
rNeg    + . .      Spirit   .    b - +0 animal skin
rPois   ∞          Reflect  .    (no helmet)
rElec   +          Harm     .    (no cloak)
rCorr   .          Rampage  .    (no gloves)
Will    .....                    (no boots)
Stlth   +.........               (no amulet)
HPRegen 0.24/turn                (no ring)
MPRegen 0.08/turn                (no ring)

@: about to teleport, wreathed by umbra
A: sickness immunity, AC +3, negative energy resistance 1, electricity
resistance, torment resistance 1, petrification resistance
a: Renounce Religion


You were on level 2 of the Dungeon.
You worshipped Dithmenos.
Dithmenos was aware of your devotion.
You visited 1 branch of the dungeon, and saw 2 of its levels.

You collected 21 gold pieces.

Inventory:

Hand Weapons
 a - a +0 mace (weapon)
Armour
 b - a +0 animal skin (worn)
 d - a +0 leather armour
Scrolls
 c - 3 scrolls of amnesia
Potions
 e - a potion of ambrosia {unknown}


   Skills:
 + Level 3.8 Fighting
 + Level 3.5 Maces & Flails
 + Level 2.2 Armour
 + Level 1.8 Dodging


You had 2 spell levels left.
You didn't know any spells.
Your spell library contained the following spells:

 Spells                   Type           Power      Damage    Failure   Level
 Stone Arrow              Conj/Erth      0%         3d7       80%         3
 Animate Armour           Summ/Erth      0%         N/A       99%         4
 Lehudib's Crystal Spear  Conj/Erth      0%         10d2      100%        8


Dungeon Overview and Level Annotations

Branches:
Dungeon (2/15)

Altars:
Dithmenos


Innate Abilities, Weirdness & Mutations

You are immune to sickness and miasma.
Your stone body is resilient. (AC +3)
You are immune to poison.
You resist negative energy. (rN+)
You are resistant to electric shocks. (rElec)
You are resistant to unholy torment.
You are immune to petrification.


Message History

The adder bites you.
The jackal bites you but does no damage. x3
You hit the jackal but do no damage. The adder barely misses you.
The jackal closely misses you.
The jackal bites you but does no damage.
The jackal bites you. The adder barely misses you.
You hit the jackal.
The jackal is lightly wounded.
The jackal closely misses you. x2; The jackal barely misses you.
The adder bites you but does no damage.
A dart slug comes into view.
The jackal bites you but does no damage. x3
The adder barely misses you.
You closely miss the jackal.
The jackal is lightly wounded.
The jackal bites you but does no damage.
The jackal misses you. The jackal closely misses you.
The adder closely misses you. The jackal misses you.
The jackal bites you but does no damage.
The jackal misses you. Trog sends monsters to punish you.
A black bear and 2 polar bears come into view.
You hit the jackal.
The jackal is moderately wounded.
The adder bites you but does no damage. The jackal closely misses you.
The jackal bites you but does no damage.
The jackal bites you. The adder barely misses you.
The jackal closely misses you.
You hit the jackal but do no damage.
The jackal is moderately wounded.
The jackal barely misses you. The jackal bites you.
The adder barely misses you.
The black bear bites you but does no damage.
The black bear claws you but does no damage. x2
The jackal closely misses you. The jackal bites you.
The jackal barely misses you.
As you read the scroll of teleportation, it crumbles to dust.
You feel strangely unstable. The polar bear bites you!
Ouch! That really hurt!
You die...

....# ...#
#######....... ..>
#............ ##.##
#........$..#
##...###...>.......###.
#.....##.....$...w..)..
#.....##......gh.......
#<....##.....hhS....##.
##...###.....h@h.......
#.### ########h#.#.###
#.# #.#.#.# ##.##
#.....# #...# #####.###
###...### #.....#
#.......# #.#####
#.....(.#######.#
#...............#


You could see 2 polar bears, a black bear (berserk), an adder, a dart slug, 3
jackals and a goblin.

Vanquished Creatures
  3 ball pythons (D:1)
  4 endoplasms
  3 goblins (D:1)
  3 hobgoblins (D:1)
  A jackal (D:2)
  2 kobolds (D:1)
  A quokka (D:1)
  3 bats (D:1)
  2 frilled lizards (D:1)
  4 rats (D:1)
26 creatures vanquished.

Notes
Turn   | Place    | Note
-------+----------+-------------------------------------------
     0 | D:1      | gamesnag the Gargoyle Berserker began the quest for the
                  | Orb.
     0 | D:1      | Reached XP level 1. HP: 14/14 MP: 1/1
   100 | D:1      | Found a faded altar of an unknown god.
   105 | D:1      | Reached XP level 2. HP: 14/19 MP: 2/2
   125 | D:1      | Prayed at the altar of an unknown god.
   125 | D:1      | Fell from the grace of Trog
   125 | D:1      | Became a worshipper of Dithmenos the Shadowed
   125 | D:1      | Reached * piety under Dithmenos
   363 | D:1      | You fall into a shaft and drop 1 floor!
   546 | D:1      | Reached XP level 3. HP: 22/24 MP: 3/3
   781 | D:2      | Noticed a polar bear
   781 | D:2      | Noticed a black bear
   781 | D:2      | Noticed a polar bear
   783 | D:2      | Slain by a polar bear

Illustrated notes

Levels and vault maps discovered:
D:1:      pf_arrival_petrified_forest, layout_basic,
          ebering_ecumenical_altar_sacrificial, nicolae_titane
D:2:      layout_loops_cross, serial_shops, nicolae_shop_stone, basic_altar,
          uniq_robin

Action                   || total
-------------------------++-------
Melee: Mace              ||    84
  Use: Scroll            ||     5
       Potion            ||     2
Armor: Animal skin       ||    66
Dodge: Dodged            ||   124

Table legend: (Time is in decaauts)
 A = Elapsed time spent in this place.
 B = Non-inter-level travel time spent in this place.
 C = Inter-level travel time spent in this place.
 D = Time resting spent in this place.
 E = Time spent auto-exploring this place.
 F = Levels seen in this place.
 G = Mean time per level.
                   A        B        C        D        E       F      G
               +--------+--------+--------+--------+--------+-----+--------+
         Total |    802 |    785 |     17 |     38 |    168 |   2 |  401.0 |
       Dungeon |    802 |    785 |     17 |     38 |    168 |   2 |  401.0 |
               +--------+--------+--------+--------+--------+-----+--------+

Top non-repeatable levels by time:
     D:1: 723 daAuts
     D:2: 79 daAuts
